 Dungeon Crawl Stone Soup version 0.32-a0-995-gb4a59205af (console) character file.

Game seed: 7386300863667912600

2 petzl the Sneak (level 1, 0/17 (18) HPs)
             Began as a Formicid Delver on Apr 22, 2024.
             Succumbed to an adder's poison
             ... on level 6 of the Dungeon.
             The game lasted 00:01:54 (391 turns).

petzl the Sneak (Formicid Delver)                    Turns: 391, Time: 00:01:54

HP:   0/17 (18)     AC:  3    Str: 22    XL:     1   Next: 44%
MP:   1/1           EV: 11    Int:  9    God:
Gold: 0             SH:  5    Dex: 15    Spells: 0/0 levels left

rFire   . . .        a - +0 mace
rCold   . . .        (no shield)
rNeg    . . .        i - +0 leather armour
rPois   .            (helmet unavailable)
rElec   .            (no cloak)
rCorr   .            (no gloves)
SInv    +            (no boots)
Will    .....        g - amulet of reflection
Stlth   +++          h - +6 ring of strength
HPRegen 0.22/turn    (no ring)
MPRegen 0.07/turn

%: reflection
@: lethally poisoned (0 -> -3), drained
A: permanent stasis, dig shafts and tunnels, antennae 3, four strong arms
a: Dig, Shaft Self


You were on level 6 of the Dungeon.
You visited 1 branch of the dungeon, and saw 2 of its levels.

Inventory:

Hand Weapons
 a - a +0 mace (weapon)
 b - a +0 sling
Armour
 i - a +0 leather armour (worn)
Jewellery
 g - an amulet of reflection (around neck)
 h - a +6 ring of strength (left hand)
Wands
 f - a wand of digging (3)
Scrolls
 c - 2 scrolls of fog
 d - a scroll of revelation


   Skills:
 + Level 3.3 Fighting
 + Level 2.0 Maces & Flails
 + Level 1.8 Dodging
 + Level 6.0 Stealth


You couldn't memorise any spells.
You didn't know any spells.
Your spell library was empty.

Dungeon Overview and Level Annotations

Branches:
Dungeon (6/15)
 Temple: D:4-7

Altars:

Annotations:
D:5 exclusions: downstairs, iguana, phantom and sensed monster (detected)


Innate Abilities, Weirdness & Mutations

You cannot be hasted, slowed, berserked, paralysed or teleported.
You can dig through walls and to a lower floor.
You have a pair of large antennae on your head. (SInv)
Your four strong arms can wield two-handed weapons with a shield.


Message History

Found 8 stones.
You see here 8 stones.
An adder comes into view.
Found 18 gold pieces.
You block the adder's attack.
You extend your mandibles.
You dig through the rock wall.
You feel drained. The adder bites you.
You are poisoned.
The adder poisons you!
You retract your mandibles.
Found a leather armour.
You feel sick. The adder bites you but does no damage. The adder bites you.
Found a scroll labelled EHIRONTUTI.
You feel sick.
Are you sure you want to shaft yourself?
You feel sick. The adder bites you.
You begin to dig a shaft.
You continue digging a shaft.
You feel sick. You block the adder's attack. The adder bites you.
* * * LOW HITPOINT WARNING * * *
You are lethally poisoned!
The adder poisons you! A shaft appears beneath you!
You fall into a shaft and drop 1 floor!
The shaft crumbles and collapses.
* * * LOW HITPOINT WARNING * * *
You feel sick.
There is a stone staircase leading up here.
You aren't carrying any potions.
Unknown command.
Unknown command.
Unknown command.
As you read the scroll labelled EHIRONTUTI, it crumbles to dust.
It is a scroll of identify.
You don't currently have any unidentified items.
* * * LOW HITPOINT WARNING * * *
You feel sick.
Unknown command.
* * * LOW HITPOINT WARNING * * *
You feel sick.
* * * LOW HITPOINT WARNING * * *
You feel sick.
You die...

.......... ...........
............
........... #...[.....
. ########.....>.# ...
#......#......#
.....#.............#.##
............#K.........
............###@.......
##S..........###.......
#.............#.......
#...##.................
.......................
+###...........##......
#........##.# ##?...
.#....#.. #. ....


You could see a kobold.

Vanquished Creatures
  A ribbon worm (D:5)
1 creature vanquished.

Notes
Turn   | Place    | Note
-------+----------+-------------------------------------------
     0 | D:5      | petzl the Formicid Delver began the quest for the Orb.
     0 | D:5      | Reached XP level 1. HP: 18/18 MP: 1/1
    23 | D:6      | Noticed a water moccasin
   128 | D:5      | Noticed an iguana
   197 | D:5      | Noticed a phantom
   325 | D:5      | Noticed an iguana
   387 | D:5      | You fall into a shaft and drop 1 floor!
   391 | D:6      | Succumbed to an adder's poison

Illustrated notes

Levels and vault maps discovered:
D:5:      layout_loops_corners, minmay_manual_macuahuitl
D:6:      layout_cave_pools, kennysheep_little_box,
          minmay_temple_entry_gardened_gates

Action                     || total
---------------------------++-------
  Melee: Mace              ||     6
  Throw: Stone             ||     2
Ability: Dig               ||     1
         Shaft Self        ||     1
    Use: Scroll            ||     2
   Stab: Sleeping          ||     1
 Armour: Leather armour    ||    11
  Dodge: Dodged            ||     3
  Block: Other             ||     2

Table legend: (Time is in decaauts)
 A = Elapsed time spent in this place.
 B = Non-inter-level travel time spent in this place.
 C = Inter-level travel time spent in this place.
 D = Time resting spent in this place.
 E = Time spent auto-exploring this place.
 F = Levels seen in this place.
 G = Mean time per level.
                   A        B        C        D        E       F      G
               +--------+--------+--------+--------+--------+-----+--------+
         Total |    392 |    392 |      0 |     57 |    186 |   2 |  196.0 |
       Dungeon |    392 |    392 |      0 |     57 |    186 |   2 |  196.0 |
               +--------+--------+--------+--------+--------+-----+--------+

Top non-repeatable levels by time:
     D:5: 356 daAuts
     D:6: 36 daAuts
